 Dungeon Crawl Stone Soup version 0.19.5 (webtiles) character file.

8952 Mesmaeker13 the Destroyer (level 11, -1/88 HPs)
             Began as a Pale Draconian Wizard on Mar 2, 2017.
             Was an Elder of Sif Muna.
             Slain by an eight-headed hydra (9 damage)
             ... on level 8 of the Dungeon.
             The game lasted 00:58:14 (13950 turns).

Mesmaeker13 the Destroyer (Pale Draconian Wizard)  Turns: 13950, Time: 00:58:16

Health: -1/88      AC: 13    Str: 13    XL:     11   Next: 16%
Magic:  20/20      EV: 15    Int: 21    God:    Sif Muna [****..]
Gold:   5          SH:  0    Dex:  8    Spells: 6 memorised, 7 levels left

rFire  + . .     SeeInvis +     J - +6 rapier (speed)
rCold  . . .     Gourm    .     (armour unavailable)
rNeg   . . .     Faith    .     (no shield)
rPois  +         Spirit   .     L - +2 hat
rElec  +         Reflect  .     F - +0 cloak
rCorr  .         Harm     .     W - +0 pair of gloves
MR     .....                    s - +1 pair of boots
Stlth  ++........               C - amulet of magic regeneration
                                D - ring of Vulog {rElec rF+ Str+3 Dex-2 SInv}
                                a - ring of poison resistance

@: sluggish, repel missiles, very slow
A: breathe steam, unfitting armour, cold-blooded, AC +7
a: Breathe Steam, Divine Energy, Channel Magic, Forget Spell, Renounce Religion


You were on level 8 of the Dungeon.
You worshipped Sif Muna.
Sif Muna was greatly pleased with you.
You were not hungry.

You visited 3 branches of the dungeon, and saw 13 of its levels.

You collected 355 gold pieces.
You spent 350 gold pieces at shops.

Inventory:

Hand Weapons
 o - a +2 dagger of draining
 p - a +0 whip of venom
 y - a cursed +4 trident
 J - a +6 rapier of speed (weapon)
 K - a +2 dagger of speed
 R - a +3 hand crossbow of flaming
 S - the +8 sword of Power
   (You found it on level 8 of the Dungeon)
 X - a +0 quarterstaff of crushing
Armour
 s - a +1 pair of boots (worn)
 F - a +0 cloak (worn)
 L - a +2 hat (worn)
 W - a +0 pair of gloves (worn)
Jewellery
 a - a ring of poison resistance (left hand)
 x - an uncursed ring of positive energy
 C - an amulet of magic regeneration (around neck)
 D - the ring of Vulog (right hand) {rElec rF+ Str+3 Dex-2 SInv}
   (You found it on level 8 of the Dungeon)

   [ring of protection from fire]

   It affects your strength (+3).
   It affects your dexterity (-2).
   It protects you from fire.
   It insulates you from electricity.
   It lets you see invisible.
 V - an uncursed ring of positive energy
Wands
 w - a wand of lightning (5/15)
 B - a wand of digging (9/24)
 P - a wand of iceblast (7/15)
 Q - a wand of disintegration (5/24)
Scrolls
 i - 2 scrolls of blinking
 j - 2 scrolls of recharging
 k - 2 scrolls of enchant armour
 n - 4 scrolls of amnesia
 r - 2 scrolls of remove curse
 u - 2 scrolls of teleportation
 G - 2 scrolls of magic mapping
 I - a scroll of holy word
 Y - a scroll of vulnerability {unknown}
 Z - a scroll of brand weapon {unknown}
Potions
 e - 2 potions of might
 f - a potion of cure mutation
 l - a potion of flight {unknown}
 q - 2 potions of berserk rage
 v - 2 potions of lignification
 z - a potion of agility {unknown}
 A - 2 potions of haste
 E - 3 potions of cancellation
 H - 3 potions of brilliance {unknown}
 U - a potion of curing
Books
 b - a book of Minor Magic

   Spells                             Type                      Level
   a - Magic Dart                     Conjuration                  1
   b - Blink                          Translocation                2
   c - Call Imp                       Summoning                    2
   d - Repel Missiles                 Charms/Air                   2
   e - Slow                           Hexes                        2
   f - Conjure Flame                  Conjuration/Fire             3
   g - Mephitic Cloud                 Conjuration/Poison/Air       3
 h - a book of Misfortune

   Spells                             Type                      Level
   a - Confusing Touch                Hexes                        1
   b - Confuse                        Hexes                        3
   c - Gell's Gravitas                Hexes/Translocation          3
   d - Petrify                        Transmutation/Earth          4
   e - Metabolic Englaciation         Hexes/Ice                    5
   f - Yara's Violent Unravelling     Hexes/Transmutation          5
 O - a book of Enchantments

   Spells                             Type                      Level
   a - Cause Fear                     Hexes                        4
   b - Yara's Violent Unravelling     Hexes/Transmutation          5
   c - Silence                        Hexes/Air                    5
   d - Deflect Missiles               Charms/Air                   6
   e - Discord                        Hexes                        8
 T - a book of Air

   Spells                             Type                      Level
   a - Shock                          Conjuration/Air              1
   b - Swiftness                      Charms/Air                   2
   c - Repel Missiles                 Charms/Air                   2
   d - Static Discharge               Conjuration/Air              3
   e - Lightning Bolt                 Conjuration/Air              5
Miscellaneous
 N - a disc of storms
Comestibles
 c - 4 bread rations
 d - 3 meat rations
 g - 7 slices of pizza
 t - 7 fruits
 M - 3 beef jerkies


   Skills:
 + Level 5.6 Fighting
 + Level 8.3 Dodging
 - Level 1.7 Stealth
 - Level 6.0 Spellcasting
 + Level 9.3 Conjurations
 - Level 1.5 Charms
 - Level 4.1 Summonings
   Level 1.0 Translocations
 + Level 7.0 Air Magic
 - Level 4.0 Poison Magic


You had 7 spell levels left.
You knew the following spells:

 Your Spells              Type           Power        Failure   Level  Hunger
a - Magic Dart            Conj           ####         1%          1    None
b - Mephitic Cloud        Conj/Pois/Air  ####....     1%          3    ##.....
c - Call Imp              Summ           ###.....     2%          2    None
d - Repel Missiles        Chrm/Air       ###...       2%          2    None
e - Lightning Bolt        Conj/Air       #####.....   12%         5    #####..
f - Swiftness             Chrm/Air       ###.....     2%          2    None


Dungeon Overview and Level Annotations

Branches:
Dungeon (11/15)            Temple (1/1) D:4            Lair (1/6) D:8
    Orc: D:9-12

Altars:
Ashenzari
Cheibriados
Dithmenos
Elyvilon
Fedhas
Gozag
Hepliaklqana
Kikubaaqudgha
Makhleb
Nemelex Xobeh
Okawaru
Qazlal
Ru
Sif Muna
Trog
Uskayaw
Vehumet
Xom
Yredelemnul
Zin
The Shining One

Shops:
D:10 =*(}=

Annotations:
D:1 Terence
D:9 Erolcha; tof's ghost, journeyman DsFi
D:10 1 runed door


Innate Abilities, Weirdness & Mutations

You can breathe blasts of scalding, opaque steam.
Your pale cyan-grey scales are hard. (AC +7)
You cannot fit into any form of body armour.
You are cold-blooded and may be slowed by cold attacks.


Message History

The eight-headed hydra bites you!
The eight-headed hydra barely misses you.
The eight-headed hydra bites you!
The eight-headed hydra closely misses you.
The eight-headed hydra bites you but does no damage.
You climb upwards.
Welcome back to the Dungeon!
There is a staircase to the Lair, spattered with blood here.
You feel sluggish.
Things that are here:
a robe; a dagger
Things that are here:
a scale mail; a short sword The eight-headed hydra bites you.
* * * LOW HITPOINT WARNING * * *
The eight-headed hydra bites you but does no damage. x3
The eight-headed hydra closely misses you.
The eight-headed hydra bites you!!
* * * LOW HITPOINT WARNING * * *
The eight-headed hydra bites you!
You die...

...######..≈≈≈≈.≈...#.###.#######
#'###........≈≈≈....#............
#.###.###...........#####.####.#.
#.#.....#.#####.#.........# #.##
#.#.#.#.#.#####.#[#######.# #.##
..#.#.#.#.......#.# ####.####.##
###.#..<#.#######.# #.......#.##
###.#...#.#######D# #.##.##.#.#.
......###.#<....@.# #.##.####.##
###.......############.##.#(.#..#
....########...........##.#..'..'
###.## #.############.##'#..#
#....# #.#.......#...........
#.#..# #.###.###.#.##.##.....
#....# #.....#........##'#..#
####.#############.#.####.#..'..'
#...<......# #...# #.#..##.#


You could see an eight-headed hydra.

Vanquished Creatures
  A hydra (D:8)
  Erica (D:9)
  An unseen horror (D:10)
  Pikel (D:7)
  An ugly thing (D:8)
  Joseph (D:9)
  A troll (D:10)
  Prince Ribbit (D:7)
  A blink frog (D:5)
  A slime creature (D:8)
  A hippogriff (D:9)
  A yak (D:5)
  Sigmund (D:5)
  3 hogs (D:7)
  A mottled dragon (D:7)
  A water moccasin (D:6)
  2 hell hounds (D:8)
  An orc warrior (D:10)
  A sky beast (D:9)
  4 black bears
  A hornet zombie (D:10)
  A necrophage (D:9)
  3 ogres
  A centaur (D:6)
  A phantom (D:6)
  4 bullfrogs
  4 scorpions
  4 wights (D:10)
  11 killer bees
  3 howler monkeys
  2 bullfrog zombies
  A crimson imp (D:10)
  4 jellies
  4 hounds
  6 orc priests
  A quasit (D:6)
  A bullfrog skeleton (D:8)
  3 centaur skeletons
  6 iguanas
  5 orc wizards
  7 worker ants
  A hound zombie (D:10)
  2 hound skeletons (D:4)
  2 worker ant zombies
  8 gnolls
  9 adders
  3 shadow imps
  2 oozes
  2 adder skeletons
  9 worms
  A dart slug (D:4)
  9 leopard geckos
  29 orcs
  4 bats
  5 giant cockroaches
  4 goblins
  8 hobgoblins
  5 jackals
  7 kobolds
  7 quokkas
  A ball python skeleton (D:6)
  2 frilled lizards
  A quokka skeleton (D:4)
  A quokka zombie (D:6)
  8 rats
229 creatures vanquished.

Vanquished Creatures (collateral kills)
  A hog (D:7)
  A human (D:7)
  2 howler monkeys
  A crimson imp (D:6)
  A worker ant (D:6)
  A quokka (D:6)
7 creatures vanquished.

Grand Total: 236 creatures vanquished

Notes
Turn   | Place    | Note
-------+----------+-------------------------------------------
     0 | D:1      | Mesmaeker13 the Draconian Wizard began the quest for the Orb.
     0 | D:1      | Reached XP level 1. HP: 14/14 MP: 4/4
   760 | D:1      | Reached XP level 2. HP: 19/20 MP: 0/6
  1718 | D:2      | Reached XP level 3. HP: 26/26 MP: 4/8
  1785 | D:2      | Learned a level 3 spell: Mephitic Cloud
  2111 | D:2      | Reached skill level 2 in Conjurations
  2259 | D:2      | Reached skill level 1 in Poison Magic
  2259 | D:2      | Reached XP level 4. HP: 30/33 MP: 5/10
  2293 | D:2      | Found a sparkling altar of Nemelex Xobeh.
  2388 | D:2      | Found a white marble altar of Elyvilon.
  2433 | D:2      | Found a shadowy altar of Dithmenos.
  3234 | D:3      | Noticed Terence
  3432 | D:3      | Learned a level 2 spell: Call Imp
  4003 | D:4      | Reached XP level 5. HP: 38/38 MP: 11/11
  4294 | D:4      | Reached skill level 1 in Air Magic
  4717 | D:4      | Reached skill level 3 in Conjurations
  4809 | D:4      | Found a staircase to the Ecumenical Temple.
  4815 | Temple   | Entered the Ecumenical Temple
  4909 | Temple   | Became a worshipper of Sif Muna the Loreminder
  5467 | D:4      | Reached XP level 6. HP: 45/45 MP: 7/12
  5548 | D:5      | Entered Level 5 of the Dungeon
  5555 | D:5      | Noticed Sigmund
  5564 | D:5      | Killed Sigmund
  5582 | D:5      | Reached skill level 4 in Conjurations
  5785 | D:5      | Noticed a yak
  6114 | D:5      | Noticed a sky beast
  6116 | D:5      | Noticed a blink frog
  6116 | D:5      | a sky beast changed into a blink frog
  6185 | D:6      | Your scales start taking on a pale cyan-grey colour.
  6185 | D:6      | Reached XP level 7. HP: 50/50 MP: 2/13
  6499 | D:5      | Killed a yak
  6622 | D:5      | Killed a blink frog
  6622 | D:5      | Reached * piety under Sif Muna
  6622 | D:5      | Reached skill level 5 in Conjurations
  6622 | D:5      | Reached XP level 8. HP: 57/57 MP: 9/14
  7265 | D:6      | Reached skill level 5 in Dodging
  7363 | D:6      | Reached skill level 6 in Conjurations
  7533 | D:6      | Found a bloodstained altar of Trog.
  7534 | D:6      | Found an opulent altar of Gozag.
  8373 | D:7      | Reached skill level 1 in Fighting
  8463 | D:7      | Noticed Prince Ribbit
  8485 | D:7      | Reached ** piety under Sif Muna
  8514 | D:7      | Killed Prince Ribbit
  8514 | D:7      | Reached skill level 5 in Air Magic
  8514 | D:7      | Reached XP level 9. HP: 66/67 MP: 7/15
  9043 | D:7      | Reached skill level 7 in Conjurations
  9310 | D:7      | Noticed Pikel
  9336 | D:7      | Killed Pikel
  9722 | D:8      | Found a staircase to the Lair.
 10351 | D:8      | Noticed a purple ugly thing
 10365 | D:8      | Killed a purple ugly thing
 10365 | D:8      | Reached skill level 8 in Conjurations
 10365 | D:8      | Reached XP level 10. HP: 80/80 MP: 9/16
 10369 | D:8      | Learned a level 2 spell: Repel Missiles
 10422 | D:8      | Found a glowing silver altar of Zin.
 10430 | D:8      | Noticed an angel
 10880 | D:8      | Reached skill level 5 in Fighting
 11102 | D:8      | Got a smoking silver ring
 11157 | D:9      | Learned a level 5 spell: Lightning Bolt
 11157 | D:9      | Identified the ring of Vulog {rElec rF+ Str+3 Dex-2 SInv} (You found it on level 8 of the Dungeon)
 11170 | D:9      | Reached *** piety under Sif Muna
 11192 | D:9      | Noticed Erica
 11200 | D:9      | Noticed Joseph
 11209 | D:9      | Killed Erica
 11209 | D:9      | Reached skill level 5 in Spellcasting
 11209 | D:9      | Reached skill level 1 in Charms
 11340 | D:9      | Noticed Erolcha
 11650 | D:9      | Killed Joseph
 11821 | Lair:1   | Entered Level 1 of the Lair of Beasts
 11821 | Lair:1   | Noticed a six-headed hydra
 11834 | D:8      | Killed a six-headed hydra
 11879 | Lair:1   | Noticed an eight-headed hydra
 12043 | D:9      | Noticed tof's ghost (journeyman DsFi)
 12281 | D:10     | Entered Level 10 of the Dungeon
 12319 | D:10     | Reached **** piety under Sif Muna
 12479 | D:10     | Found Racwiuvi's Antique Weapon Emporium.
 12564 | D:10     | Noticed an unseen horror
 12598 | D:10     | Killed an unseen horror
 12598 | D:10     | Reached skill level 9 in Conjurations
 12598 | D:10     | Reached XP level 11. HP: 86/86 MP: 9/20
 12654 | D:10     | Found a runed door.
 13101 | D:10     | Found Ushaefub's Jewellery Emporium.
 13110 | D:10     | Bought an uncursed ring of poison resistance for 280 gold pieces
 13258 | D:10     | Found Butz's Gadget Boutique.
 13279 | D:10     | Found Dupsaus's Jewellery Shoppe.
 13396 | D:10     | Found Rustrosch's General Store.
 13399 | D:10     | Bought a scroll of identify for 28 gold pieces
 13399 | D:10     | Bought a scroll of teleportation for 42 gold pieces
 13802 | D:10     | Learned a level 2 spell: Swiftness
 13950 | D:8      | Slain by an eight-headed hydra

Skill      XL: |  1  2  3  4  5  6  7  8  9 10 11 |
---------------+----------------------------------+-----
Conjurations   | 2 3 4 5 6 8 9 |  9.3
Spellcasting   | 4 6 |  6.0
Poison Magic   | 1 2 4 |  4.0
Dodging        | 2 3 4 5 7 8 |  8.3
Air Magic      | 1 3 4 5 6 7 |  7.0
Fighting       | 1 4 5 |  5.6
Summonings     | 4 |  4.1
Charms         | 1 |  1.5
Stealth        | |  1.7
Translocations | |  1.0

Action                   |  1- 3 |  4- 6 |  7- 9 | 10-12 || total
-------------------------+-------+-------+-------+-------++-------
Melee: Mace              |    25 |    35 |       |       ||    60
       Tailslap          |     1 |     5 |    16 |    27 ||    49
       Falchion          |       |   101 |   143 |     5 ||   249
       Rapier            |       |       |       |   244 ||   244
 Fire: Blowgun           |       |       |    15 |       ||    15
Throw: Throwing net      |       |       |     1 |     2 ||     3
 Cast: Magic Dart        |    90 |    70 |    59 |    65 ||   284
       Mephitic Cloud    |     2 |    17 |    21 |    16 ||    56
       Call Imp          |       |     3 |    22 |     7 ||    32
       Lightning Bolt    |       |       |       |    16 ||    16
       Repel Missiles    |       |       |       |     1 ||     1
       Swiftness         |       |       |       |     1 ||     1
 Abil: Breathe Steam     |       |       |    14 |     6 ||    20
Evoke: Wand              |       |     5 |    20 |    13 ||    38
  Use: Scroll            |     2 |     5 |     5 |     7 ||    19
       Potion            |       |     1 |     2 |       ||     3
 Stab: Confused          |       |     2 |       |     3 ||     5
       Sleeping          |       |     2 |     2 |     1 ||     5
  Eat: Chunk             |     4 |    13 |    12 |    17 ||    46
       Bread ration      |       |       |     1 |       ||     1
       Pizza             |       |       |       |     1 ||     1
Armor: Skin              |    12 |    50 |    57 |    87 ||   206
Dodge: Dodged            |    50 |    77 |   139 |   179 ||   445
       Rpst.: Falchion   |       |    17 |    52 |     1 ||    70
